[Event "NOR-ch Youth 2019"]
[Site "Skien"]
[Date "2019.11.09"]
[Round "4.12"]
[White "Unneland, Mathias"]
[Black "Lindstad, Livia"]
[Result "1-0"]
[ECO "D19"]
[WhiteElo "2029"]
[BlackElo "1527"]
[Annotator "NA RC"]
[PlyCount "119"]
[EventDate "2019.11.08"]
[EventType "swiss"]
[EventCountry "NOR"]
[SourceTitle "playchess.com"]
[Source "ChessBase"]
[SourceQuality "1"]
[TimeControl "5400+30"]

1. d4 d5 2. c4 c6 3. Nf3 Nf6 4. Nc3 dxc4 5. a4 Bf5 6. e3 e6 7. Bxc4 Bb4 8. Qe2 Nbd7 9. O-O O-O 10. e4 Bg6 11. Bd3 Qc7 {[%emt 0:02:53] D19: Slav Defence: 5 a4 Bf5 6 e3: Main line with 9 Qe2} (11... Re8 $11) (11... h6 12. Rd1 a6 13. Bf4 Qe7 14. h3 Rac8 15. Rac1 c5 16. e5 Bxd3 17. Qxd3 Bxc3 18. exf6 Qxf6 19. Bd6 Bxb2 20. Rc2 Bxd4 21. Bxf8 Rxf8 22. Nxd4 cxd4 23. Qxd4 Qxd4 24. Rxd4 {½-½ (37) Korobov,A (2699)-Bareev,E (2650) Wijk aan Zee 2019}) 12. e5 Nd5 13. Bxg6 hxg6 14. Bd2 Be7 $146 ({Predecessor:} 14... Nxc3 15. bxc3 Be7 16. a5 c5 17. Bg5 Nb8 18. Qe4 Nc6 19. Qh4 {½-½ (42) Anderson,P (1977)-Hollands,G (1766) Frome 2018}) 15. Bg5 Qd8 16. Ne4 N7b6 (16... c5 $11 {keeps the balance.}) 17. Bxe7 Nxe7 18. Ra3 Nf5 19. Rd1 Nd5 20. Nfg5 Nh6 21. g3 Qe7 22. h4 Qb4 $16 23. h5 Ne7 24. hxg6 Nxg6 25. Qh5 Qxb2 26. Nf6+ Kh8 27. Nxf7+ Rxf7 28. Qxg6 gxf6 29. Qxh6+ Kg8 30. Rf3 Qc2 31. Rdd3 Raf8 32. Rf4 f5 33. Rh4 Rg7 34. Qxe6+ Rff7 35. Qe8+ Rf8 36. Rh8+ Kxh8 37. Qxf8+ Kh7 38. Qxf5+ Kg8 39. e6 Rh7 40. Qg6+ Rg7 41. Qe4 Rh7 42. Re3 Qd1+ 43. Re1 Qh5 44. Qh4 Qxh4 45. gxh4 Kf8 46. Re4 Ke7 47. Kg2 b5 48. axb5 cxb5 49. d5 a5 50. Kf3 b4 51. Ke3 Rh8 52. Kd3 Rc8 53. Rc4 Rd8 54. Rc7+ Kf6 55. Rf7+ Ke5 56. f4+ Kxd5 57. Rd7+ Kxe6 58. Rxd8 b3 59. Kc3 a4 60. Ra8 1-0

[Event "NOR-ch Youth 2019"]
[Site "Skien"]
[Date "2019.11.09"]
[Round "4.14"]
[White "Lye, Sverre"]
[Black "Nordquelle, Amelia"]
[Result "0-1"]
[ECO "B52"]
[WhiteElo "1779"]
[BlackElo "1670"]
[Annotator "NA RC"]
[PlyCount "80"]
[EventDate "2019.11.08"]
[EventType "swiss"]
[EventCountry "NOR"]
[SourceTitle "playchess.com"]
[Source "ChessBase"]
[SourceQuality "1"]
[TimeControl "5400+30"]

1. e4 c5 2. Nf3 d6 3. Bb5+ Bd7 4. Bxd7+ Qxd7 5. c4 Nc6 6. Nc3 g6 7. d4 cxd4 8. Nxd4 Bg7 9. Be3 Ne5 10. b3 Nh6 11. f3 f5 12. Qd2 Nef7 13. h3 f4 14. Bf2 Ng8 15. Nde2 g5 16. h4 h6 17. hxg5 hxg5 18. Rxh8 Bxh8 19. O-O-O Be5 20. Nb5 a6 21. Nbc3 Nf6 22. Na4 Qc6 23. Nb6 Rd8 24. Rh1 e6 25. Nc3 Nd7 26. Nxd7 Rxd7 27. Na4 b5 28. Nb6 Rb7 29. Qa5 d5 30. exd5 exd5 31. c5 d4 32. b4 Bc7 33. Re1+ Kf8 34. Kd1 d3 35. Qxa6 Bxb6 36. a4 bxa4 37. b5 Qd5 38. Qxa4 Ra7 39. Qb4 Ra1+ 40. Kd2 Ba5 0-1

[Event "NOR-ch Youth 2019"]
[Site "Skien"]
[Date "2019.11.09"]
[Round "4.15"]
[White "Tunsjo, Axel"]
[Black "Aamodt, Peder Marcus"]
[Result "1-0"]
[ECO "B11"]
[WhiteElo "2038"]
[BlackElo "1445"]
[Annotator "NA RC"]
[PlyCount "83"]
[EventDate "2019.11.08"]
[EventType "swiss"]
[EventCountry "NOR"]
[SourceTitle "playchess.com"]
[Source "ChessBase"]
[SourceQuality "1"]
[TimeControl "5400+30"]

1. e4 c6 2. Nf3 d5 3. Nc3 Nf6 4. Qe2 Bg4 5. d3 d4 6. Nd1 {[%emt 0:00:12] [#]} e5 $1 7. Bd2 c5 (7... Bd6 $17) 8. h3 Bxf3 $1 9. Qxf3 Nc6 10. Be2 g6 11. Qg3 Qc7 12. O-O Bg7 13. f4 Bh6 14. Qh4 Bg7 15. fxe5 Qxe5 16. Bf4 Qe6 17. Qg3 h5 18. a3 Nd7 19. b3 b5 $11 20. a4 bxa4 21. Rxa4 Nb4 22. Rf2 Nxc2 23. Bxh5 Rxh5 24. Rxc2 Qxb3 25. Raa2 Ne5 26. Nf2 Bf6 27. Ng4 Bh4 28. Bxe5 Bxg3 29. Bxg3 Qe6 30. Rf2 f5 31. exf5 Qb6 32. Rae2+ Kf8 33. fxg6+ Kg7 34. Re7+ Kxg6 35. Be5 Rxe5 36. Nxe5+ Kh6 37. Ref7 Qb1+ 38. Rf1 Qc2 39. R1f6+ Kh5 40. g4+ Kh4 41. Rh6+ Kg3 42. Rf3# 1-0

[Event "NOR-ch Youth 2019"]
[Site "Skien"]
[Date "2019.11.09"]
[Round "4.16"]
[White "Olsen, William Alexander"]
[Black "Helliesen, Lykke-Merlot"]
[Result "1-0"]
[ECO "D13"]
[WhiteElo "1842"]
[BlackElo "1619"]
[Annotator "NA RC"]
[PlyCount "49"]
[EventDate "2019.11.08"]
[EventType "swiss"]
[EventCountry "NOR"]
[SourceTitle "playchess.com"]
[Source "ChessBase"]
[SourceQuality "1"]
[TimeControl "5400+30"]

1. Nf3 d5 2. c4 c6 3. cxd5 cxd5 4. d4 Nc6 5. Nc3 Nf6 6. Bf4 a6 7. e3 Bg4 8. Be2 e6 9. Ne5 Nxe5 10. Bxe5 Bxe2 11. Qxe2 Bd6 12. f4 h5 13. h3 h4 14. O-O Bb4 15. f5 Qe7 {[%emt 0:07:59] [#]} 16. e4 ({Better is} 16. Rac1 $1 $16) 16... Bxc3 $1 17. Bxf6 gxf6 18. bxc3 $16 exf5 19. Rxf5 O-O-O 20. Re1 Qe6 21. Qf3 Rh6 22. c4 dxc4 23. Rc5+ Kb8 24. Qf4+ Qd6 25. Qxh6 1-0

[Event "NOR-ch Youth 2019"]
[Site "Skien"]
[Date "2019.11.09"]
[Round "4.19"]
[White "Brattgjerd, Isak Vinh"]
[Black "Bjorkan, Olav"]
[Result "1/2-1/2"]
[ECO "D02"]
[WhiteElo "1699"]
[BlackElo "1407"]
[Annotator "NA RC"]
[PlyCount "79"]
[EventDate "2019.11.08"]
[EventType "swiss"]
[EventCountry "NOR"]
[SourceTitle "playchess.com"]
[Source "ChessBase"]
[SourceQuality "1"]
[TimeControl "5400+30"]

1. d4 d5 2. Bf4 Nf6 3. e3 Bf5 4. Bd3 Bxd3 5. Qxd3 Nbd7 6. Nd2 e6 7. Ngf3 c5 8. c3 Be7 9. O-O O-O 10. Rfe1 Rc8 11. Ne5 Nxe5 12. Bxe5 Nd7 13. Bg3 Nf6 14. f4 Nh5 15. Bf2 Qd7 16. g4 Nf6 17. h3 Qc6 18. g5 Ne4 19. Nxe4 dxe4 20. Qe2 f6 21. h4 fxg5 22. hxg5 Qe8 23. Bg3 Qg6 24. Kg2 Rf5 25. Rh1 Rcf8 26. Raf1 Bxg5 27. fxg5 Rf3 28. Bf4 h6 29. Rxf3 exf3+ 30. Qxf3 hxg5 31. Qh5 Qe4+ 32. Qf3 Qc2+ 33. Kg3 gxf4+ 34. exf4 Qxb2 35. Rh2 Qb5 36. Qe3 Qc4 37. dxc5 Rd8 38. Rd2 Rxd2 39. Qxd2 Qxc5 40. Qd8+ 1/2-1/2

[Event "NOR-ch Youth 2019"]
[Site "Skien"]
[Date "2019.11.09"]
[Round "4.20"]
[White "Kierulf, Villum Brevick"]
[Black "Ostensen, Nicolai Maxime"]
[Result "0-1"]
[ECO "A46"]
[WhiteElo "1373"]
[BlackElo "1691"]
[Annotator "NA RC"]
[PlyCount "66"]
[EventDate "2019.11.08"]
[EventType "swiss"]
[EventCountry "NOR"]
[SourceTitle "playchess.com"]
[Source "ChessBase"]
[SourceQuality "1"]
[TimeControl "5400+30"]

1. Nf3 c5 2. e3 g6 3. d4 cxd4 4. exd4 Bg7 5. Nbd2 Nf6 6. Bd3 O-O 7. O-O Nc6 8. b3 Nd5 9. Bb2 d6 10. c4 Nc7 11. h3 Ne6 12. d5 Bxb2 13. dxe6 Bxe6 14. Rb1 Bg7 15. Ng5 Bd7 16. h4 Nb4 17. Be2 Nxa2 18. Qc2 Nc3 19. Bd3 Nxb1 20. Rxb1 Qc8 21. Nf1 Bf5 22. Ng3 Bxd3 23. Qxd3 Qg4 24. Nf3 Rad8 25. Re1 Qd7 26. h5 d5 27. hxg6 hxg6 28. Rd1 d4 29. Qe4 Bf6 30. Ne2 Qf5 31. Qxb7 Rd7 32. Qc6 Qe6 33. Qc5 Qxe2 0-1

[Event "NOR-ch Youth 2019"]
[Site "Skien"]
[Date "2019.11.09"]
[Round "4.21"]
[White "Khoo-Thwe, Louis"]
[Black "Tenfjord Engelsen, Teodor"]
[Result "1-0"]
[ECO "C54"]
[WhiteElo "1660"]
[BlackElo "1349"]
[Annotator "NA RC"]
[PlyCount "47"]
[EventDate "2019.11.08"]
[EventType "swiss"]
[EventCountry "NOR"]
[SourceTitle "playchess.com"]
[Source "ChessBase"]
[SourceQuality "1"]
[TimeControl "5400+30"]

1. e4 e5 2. Nf3 Nc6 3. Bc4 Nf6 4. d3 Bc5 5. O-O d6 6. c3 O-O 7. a4 a6 8. Nbd2 Be6 9. Re1 Qe7 10. Nf1 Rad8 11. Bxe6 fxe6 12. d4 exd4 13. cxd4 Ba7 14. Ng3 Nb8 15. Qb3 c5 16. dxc5 Bxc5 17. Bg5 Nc6 18. Nf5 Qd7 19. Rad1 Rde8 20. Nxd6 Bxd6 21. e5 Nd5 22. exd6 Rf7 23. h3 Qxd6 24. Rxd5 1-0

[Event "NOR-ch Youth 2019"]
[Site "Skien"]
[Date "2019.11.09"]
[Round "4.22"]
[White "Ji, Jiahao Eric"]
[Black "Aasen, Alexander"]
[Result "1-0"]
[ECO "B22"]
[WhiteElo "1667"]
[BlackElo "1223"]
[Annotator "NA RC"]
[PlyCount "75"]
[EventDate "2019.11.08"]
[EventType "swiss"]
[EventCountry "NOR"]
[SourceTitle "playchess.com"]
[Source "ChessBase"]
[SourceQuality "1"]
[TimeControl "5400+30"]

1. e4 c5 2. Nf3 Nc6 3. c3 d5 4. exd5 Qxd5 5. d4 cxd4 6. cxd4 e6 7. Nc3 Qd8 8. Bb5 Nge7 9. O-O g6 10. Ne4 Bg7 11. Bf4 O-O 12. Qa4 Nxd4 13. Nxd4 Qxd4 14. Qxd4 Bxd4 15. Bd6 Nd5 16. Bxf8 Kxf8 17. Nc3 Bg7 18. Nxd5 exd5 19. Rac1 Bf5 20. Rc7 b6 21. Re1 Be6 22. b3 h6 23. Bc6 Rd8 24. Rxa7 d4 25. Ra8 Rxa8 26. Bxa8 d3 27. Rd1 Bf5 28. h3 Bc3 29. g4 Be6 30. Rxd3 Bg7 31. Rd6 h5 32. gxh5 gxh5 33. Rxb6 Bxh3 34. a4 Bg4 35. a5 h4 36. a6 Ke8 37. a7 Bd4 38. Bc6+ 1-0

[Event "NOR-ch Youth 2019"]
[Site "Skien"]
[Date "2019.11.09"]
[Round "4.23"]
[White "Shehzad, Alina"]
[Black "Haug, Havard"]
[Result "0-1"]
[ECO "B56"]
[WhiteElo "1174"]
[BlackElo "1544"]
[Annotator "NA RC"]
[PlyCount "94"]
[EventDate "2019.11.08"]
[EventType "swiss"]
[EventCountry "NOR"]
[SourceTitle "playchess.com"]
[Source "ChessBase"]
[SourceQuality "1"]
[TimeControl "5400+30"]

1. e4 c5 2. Nf3 Nc6 3. d4 cxd4 4. Nxd4 Nf6 5. Nc3 d6 6. Bb5 Bd7 7. O-O g6 8. Be3 Bg7 9. Qd2 O-O 10. f4 Nxd4 11. Bxd7 Nxc2 12. Qxc2 Nxd7 13. Qd2 Nc5 14. Nd5 Nxe4 15. Qd3 Nf6 16. Nxf6+ exf6 17. f5 g5 18. Qe2 Re8 19. Rae1 d5 20. Qg4 Re4 21. Qg3 Qb8 22. Qf3 Qe5 23. Re2 g4 24. Qf2 d4 25. Bxd4 Rxe2 26. Bxe5 Rxf2 27. Rxf2 fxe5 28. f6 Bh6 29. Re2 Re8 30. Kf2 e4 31. Kg3 e3 32. h3 gxh3 33. Kxh3 Rd8 34. b3 Rd2 35. Re1 Rxa2 36. Kg3 e2 37. Kf2 Bg5 38. Rxe2 Rxe2+ 39. Kxe2 Bxf6 40. Ke3 a5 41. Kd3 b5 42. Kd2 a4 43. Kc2 a3 44. Kb1 b4 45. g3 Bh4 46. g4 h5 47. gxh5 f5 0-1

[Event "NOR-ch Youth 2019"]
[Site "Skien"]
[Date "2019.11.09"]
[Round "4.24"]
[White "Myagmarsuren, Evsuld"]
[Black "Sarat, Victor"]
[Result "1-0"]
[ECO "B90"]
[WhiteElo "1471"]
[BlackElo "2079"]
[Annotator "NA RC"]
[PlyCount "39"]
[EventDate "2019.11.08"]
[EventType "swiss"]
[EventCountry "NOR"]
[SourceTitle "playchess.com"]
[Source "ChessBase"]
[SourceQuality "1"]
[TimeControl "5400+30"]

1. e4 c5 2. Nf3 d6 3. d4 cxd4 4. Nxd4 Nf6 5. Nc3 a6 6. Be3 Qb6 {[%emt 0:00:16] B90: Sicilian Najdorf: Unusual White 6th moves, 6 Be3 Ng4 and 6 Be3 e5} (6... e6 $11 {remains equal.}) (6... e5 7. Nb3 Be7 8. f3 Be6 9. Qd2 Nbd7 10. g4 b5 11. O-O-O O-O 12. g5 b4 13. Ne2 Nh5 14. Ng3 Nf4 15. h4 a5 16. Kb1 a4 17. Nc1 b3 18. cxb3 axb3 19. a3 Qc7 20. Bxf4 exf4 {1-0 (49) Dominguez Perez,L (2763)-Vachier Lagrave,M (2778) Saint Louis 2019}) 7. Nb3 Qc7 8. Qd2 e6 9. f3 Be7 10. O-O-O b5 11. a3 $146 ({Predecessor:} 11. g4 Nc6 12. g5 Nd7 13. f4 b4 14. Na4 Bb7 15. Bh3 Rc8 16. Rhf1 Na5 17. Nac5 Nxc5 18. Nxc5 dxc5 {0-1 (32) Dolonen,J-Indbryn,T Vadso 1993}) 11... Bb7 ({Black should play} 11... Nc6 $14) 12. g4 O-O 13. h4 d5 14. exd5 exd5 15. g5 Nh5 16. Nxd5 (16. Bh3 $18 {and White stays clearly on top.}) 16... Bxd5 17. Qxd5 Nc6 18. Bd3 (18. f4 $16) 18... Rad8 19. Qe4 Ng3 (19... g6 $11 20. Rhe1 Bd6) 20. Qxh7# 1-0

[Event "NOR-ch Youth 2019"]
[Site "Skien"]
[Date "2019.11.09"]
[Round "5.3"]
[White "Unhjem, Bjorn Robert Lovoll"]
[Black "Gaure, Sigurd Lauvas"]
[Result "1-0"]
[ECO "A08"]
[WhiteElo "1942"]
[BlackElo "1648"]
[Annotator "NA RC"]
[PlyCount "55"]
[EventDate "2019.11.08"]
[EventType "swiss"]
[EventCountry "NOR"]
[SourceTitle "playchess.com"]
[Source "ChessBase"]
[SourceQuality "1"]
[TimeControl "5400+30"]

1. Nf3 d5 2. g3 g6 3. Bg2 Bg7 4. O-O c5 5. d4 cxd4 6. Nxd4 Nf6 7. c4 Nc6 8. cxd5 Nxd5 9. Nxc6 bxc6 10. e4 Nb6 11. Qc2 Bb7 12. a4 Qc8 13. Be3 O-O 14. Rd1 Rd8 15. Rxd8+ Qxd8 16. a5 Rc8 17. axb6 axb6 18. Nc3 c5 19. Ra7 Bc6 20. Nd5 Bf8 21. Bg5 f6 22. Nxf6+ Kh8 23. Nd5 Ra8 24. Rxa8 Qxa8 25. h4 Qb7 26. Nf4 Bg7 27. Ne6 Bf6 28. Nd8 1-0

[Event "NOR-ch Youth 2019"]
[Site "Skien"]
[Date "2019.11.09"]
[Round "5.4"]
[White "Opseth, Oliver"]
[Black "Hestvik, Elias"]
[Result "0-1"]
[ECO "B31"]
[WhiteElo "1795"]
[BlackElo "1784"]
[Annotator "NA RC"]
[PlyCount "90"]
[EventDate "2019.11.08"]
[EventType "swiss"]
[EventCountry "NOR"]
[SourceTitle "playchess.com"]
[Source "ChessBase"]
[SourceQuality "1"]
[TimeControl "5400+30"]

1. e4 c5 2. Nf3 Nc6 3. Bb5 g6 4. O-O Bg7 5. Nc3 Nf6 6. d3 O-O 7. Be3 d6 8. Bxc6 bxc6 9. Qd2 Ng4 10. Rae1 Nxe3 11. Qxe3 Rb8 12. Qc1 Qa5 13. e5 d5 14. a3 Bg4 15. Nh4 d4 16. Ne4 Bxe5 17. Qg5 Bg7 18. Qxg4 f5 19. Qg5 fxe4 20. Rxe4 Rxb2 21. Qxe7 Rxc2 22. Qe6+ Rf7 23. Qb3 Qc3 24. Re8+ Bf8 25. Qe6 Rc1 26. Nf3 Rxf1+ 27. Kxf1 Qxd3+ 28. Ke1 Qb1+ 29. Kd2 Qb2+ 30. Ke1 Qc1+ 31. Ke2 Qc2+ 32. Ke1 d3 33. Qe3 Qc3+ 34. Kd1 Rb7 35. Qe6+ Kg7 36. Qe5+ Qxe5 37. Nxe5 Rb3 38. a4 Bd6 39. Kd2 Bxe5 40. Rxe5 c4 41. Re7+ Kf6 42. Rxa7 Rb2+ 43. Ke3 Re2+ 44. Kf3 c3 45. Rc7 Re6 0-1

[Event "NOR-ch Youth 2019"]
[Site "Skien"]
[Date "2019.11.09"]
[Round "5.5"]
[White "Holm, Karl Oskar Magnus"]
[Black "Holand, Per Fredrik"]
[Result "0-1"]
[ECO "E29"]
[WhiteElo "1751"]
[BlackElo "1927"]
[Annotator "NA RC"]
[PlyCount "100"]
[EventDate "2019.11.08"]
[EventType "swiss"]
[EventCountry "NOR"]
[SourceTitle "playchess.com"]
[Source "ChessBase"]
[SourceQuality "1"]
[TimeControl "5400+30"]

1. d4 Nf6 2. c4 e6 3. Nc3 Bb4 4. e3 O-O 5. Bd3 c5 6. a3 Bxc3+ 7. bxc3 Nc6 8. Ne2 b6 9. O-O Ba6 10. e4 Ne8 11. e5 {[%emt 0:04:38] E29: Nimzo-Indian: Sämisch: 5...0-0 6 e3 c5 7 Bd3 Nc6} (11. f4 f5 12. Ng3 g6 13. Be3 cxd4 14. cxd4 d5 15. cxd5 Bxd3 16. Qxd3 fxe4 17. Nxe4 Qxd5 18. Rad1 Rd8 19. Rfe1 Ng7 20. Ng5 e5 21. fxe5 Nxe5 22. Qe4 {0-1 (47) Radovanovic,M (2500)-Wei,Y (2737) Changsha 2019}) 11... Na5 12. f4 Bxc4 13. Bxc4 Nxc4 14. Qd3 d5 15. f5 exf5 16. Rxf5 g6 $146 ({Predecessor:} 16... Nc7 17. Bg5 Qd7 {0-1 (44) Volkmann,A (1910)-Cadilhac,I (2287) Sao Paulo 2018}) 17. Qg3 Ng7 18. Rf3 f6 19. Bh6 fxe5 20. Raf1 Qe7 21. dxe5 Qxe5 22. Rxf8+ Rxf8 23. Rxf8+ Kxf8 24. Qxe5 Nxe5 25. Nf4 Kf7 26. Nxd5 Nf5 27. Bf4 Nc4 28. Bb8 Ke6 ({Weaker is} 28... Nxa3 29. Bxa7 Ke6 30. Nf4+ Ke5 31. Nd3+ Ke4 32. Nb2 $17) 29. Nf4+ Kd7 30. Bxa7 Kc8 31. Kf2 Kb7 32. Bxb6 Kxb6 33. Nd5+ Kb5 34. Nf6 h5 35. h3 (35. Kf3 $142) 35... h4 36. Kf3 Nxa3 37. Kf4 Nc4 (37... Nb1 $142 38. Ne4 Kc4) 38. Ne4 (38. Kg5 $142) 38... Ncd6 39. Nd2 Nf7 40. Ke4 Kc6 41. Kf4 Kd5 42. Ne4 {[%emt 0:00:20] [#]} Ng3 $1 43. Nd2 Ne2+ 44. Kg4 Nxc3 45. Kxh4 Ne4 46. Nb1 Ne5 47. Na3 c4 48. Nxc4 Kxc4 49. g3 Kd4 50. g4 Nf3# 0-1

[Event "NOR-ch Youth 2019"]
[Site "Skien"]
[Date "2019.11.09"]
[Round "5.8"]
[White "Nilsen, Tobias Lang"]
[Black "Gjestemoen-VonHirsch, Andre"]
[Result "0-1"]
[ECO "B51"]
[WhiteElo "2016"]
[BlackElo "1967"]
[Annotator "NA RC"]
[PlyCount "78"]
[EventDate "2019.11.08"]
[EventType "swiss"]
[EventCountry "NOR"]
[SourceTitle "playchess.com"]
[Source "ChessBase"]
[SourceQuality "1"]
[TimeControl "5400+30"]

1. e4 c5 2. Nf3 d6 3. Bb5+ Nd7 4. Ba4 Ngf6 5. O-O a6 6. c4 {[%emt 0:00:09] B51: Sicilian: Moscow Variation (3 Bb5+) without 3...Bd7} g6 7. Nc3 Bg7 8. d3 O-O 9. Rb1 Rb8 $146 ({Predecessor:} 9... Ng4 10. Ng5 Nb6 11. Bc2 f5 {½-½ (33) Mamedov,R (2708)-Cheparinov,I (2712) Ankara 2018}) 10. a3 Ne8 11. Bd2 Nc7 12. b4 b5 13. cxb5 axb5 14. Bb3 Ra8 15. a4 bxa4 16. Nxa4 Ba6 17. Qc2 Nb5 18. bxc5 Na3 19. Qa2 Nxb1 20. Bxf7+ Rxf7 21. Ng5 Ne5 22. Nb6 $2 (22. Nxf7 Nxf7 23. Qxb1) 22... Bxd3 23. Nxa8 Bxf1 24. c6 Bc4 25. c7 Qxc7 ({Weaker is} 25... Bxa2 26. cxd8=Q+ (26. cxd8=R+ $2 {loses.} Rf8 $19) 26... Rf8 27. Qa5 $16) 26. Qxb1 {[%emt 0:00:27] [#]} Qa7 $1 27. Nxf7 Bxf7 28. Nb6 {[%emt 0:00:08] [#]} Qa2 $1 29. Qc1 (29. Qxa2 $142 Bxa2 30. Kf1) 29... Nc4 (29... Nd3 $142 30. Qc8+ Bf8) 30. Nxc4 Bxc4 31. Bg5 (31. f3 $142) 31... e6 32. h4 Qa1 $19 33. Qxa1 Bxa1 34. f3 Bd4+ 35. Kh2 Bf2 36. g4 Bf1 37. f4 d5 38. f5 dxe4 39. fxe6 Kf8 0-1

[Event "NOR-ch Youth 2019"]
[Site "Skien"]
[Date "2019.11.09"]
[Round "5.12"]
[White "Oye-Stromberg, Alexander"]
[Black "Sekkingstad, Thomas"]
[Result "1-0"]
[ECO "B12"]
[WhiteElo "1980"]
[BlackElo "1711"]
[Annotator "NA RC"]
[PlyCount "37"]
[EventDate "2019.11.08"]
[EventType "swiss"]
[EventCountry "NOR"]
[SourceTitle "playchess.com"]
[Source "ChessBase"]
[SourceQuality "1"]
[TimeControl "5400+30"]

1. e4 c6 2. d4 d5 3. f3 dxe4 4. fxe4 Nf6 5. e5 Nd5 6. Nf3 {[%emt 0:00:30] B12: Caro-Kann: Advance Variation} Bf5 (6... g6 7. Bc4 Bg7 8. O-O O-O 9. h3 h6 10. Nc3 Be6 11. Bb3 a5 12. a4 Nd7 {1-0 (49) Maslak,K (2555)-Gaifullin,A (2448) St Petersburg 2018}) 7. Bd3 Bxd3 8. Qxd3 e6 9. O-O h6 $146 ({Predecessor:} 9... Be7 10. c4 Nb6 11. Nc3 O-O 12. Ne4 c5 {1-0 (30) Amores Gago,J (2167)-Skok,J (2008) Latschach 2013}) 10. c4 Nb4 11. Qb3 Qc7 12. Nc3 c5 13. a3 N4a6 14. d5 Nd7 15. Bf4 Rd8 $2 (15... O-O-O 16. Nb5 Qb6) 16. Rae1 Qb6 17. Qc2 exd5 (17... Nb4 $142 18. axb4 cxb4+ 19. Be3 Bc5) 18. e6 Nf6 19. Ne5 $18 1-0

[Event "NOR-ch Youth 2019"]
[Site "Skien"]
[Date "2019.11.09"]
[Round "5.13"]
[White "Nordquelle, Amelia"]
[Black "Eliseev, Sergey"]
[Result "0-1"]
[ECO "D40"]
[WhiteElo "1670"]
[BlackElo "1911"]
[Annotator "NA RC"]
[PlyCount "58"]
[EventDate "2019.11.08"]
[EventType "swiss"]
[EventCountry "NOR"]
[SourceTitle "playchess.com"]
[Source "ChessBase"]
[SourceQuality "1"]
[TimeControl "5400+30"]

1. d4 Nf6 2. c4 e6 3. Nc3 d5 4. Nf3 c5 5. dxc5 Bxc5 6. Bg5 {[%emt 0:00:30] D40: Queen's Gambit Declined: Semi-Tarrasch with 5 e3} (6. cxd5 exd5 7. e3 O-O 8. Be2 Nc6 9. O-O a6 10. b3 Bg4 11. Bb2 Ba7 12. Nd4 Bxd4 13. Bxg4 Be5 14. Bf3 Qd6 15. g3 Rad8 16. Rb1 d4 17. exd4 Bxd4 18. Na4 b5 19. Bxc6 Bxf2+ 20. Kxf2 Qxc6 {½-½ (61) Enkhnar,E (2374)-Batchuluun,T (2537) Murun 2019}) 6... d4 7. Na4 $146 ({Predecessor:} 7. Ne4 Nxe4 8. Bxd8 Bb4+ 9. Nd2 Bxd2+ 10. Qxd2 Nxd2 11. Kxd2 Kxd8 12. g3 Bd7 13. Bg2 Bc6 14. Bxc6 Nxc6 {0-1 (21) Secondi,A (1496)-Woodhouse,S (1720) ICCF email 2015}) 7... Bb4+ 8. Bd2 Qa5 9. a3 Bxd2+ 10. Nxd2 Bd7 11. b3 Bxa4 12. bxa4 Ne4 13. g3 Na6 14. Bg2 Nac5 15. Bxe4 Nxe4 16. Qc2 Nc5 17. O-O Qxa4 18. Qxa4+ Nxa4 19. Nf3 Rd8 20. Rfd1 Nc3 21. Rd2 f6 22. Rc1 e5 23. Rb2 {[%emt 0:00:30] [#]} (23. c5 $17 {was necessary.}) 23... b6 $1 24. e3 {[%emt 0:00:30] [#]} Na4 $1 25. Rb4 {[%emt 0:00:30] [#]} Nc5 $1 26. Rd1 dxe3 27. Rxd8+ Kxd8 28. fxe3 Kc7 29. Kf2 $19 (29. Rb2 $142 Kd7 30. Kf1) 29... Nd3+ {[%emt 0:00:30] Double Attack} 0-1

[Event "NOR-ch Youth 2019"]
[Site "Skien"]
[Date "2019.11.09"]
[Round "5.15"]
[White "Hausken, Aleksander Skrede"]
[Black "Tunsjo, Axel"]
[Result "0-1"]
[ECO "B23"]
[WhiteElo "1403"]
[BlackElo "2038"]
[Annotator "NA RC"]
[PlyCount "84"]
[EventDate "2019.11.08"]
[EventType "swiss"]
[EventCountry "NOR"]
[SourceTitle "playchess.com"]
[Source "ChessBase"]
[SourceQuality "1"]
[TimeControl "5400+30"]

1. e4 c5 2. Nc3 Nc6 3. Bb5 g6 4. f4 Nd4 5. Bc4 Bg7 6. Nf3 d6 7. O-O e6 {[%emt 0:02:59] B23: Closed Sicilian: Lines without g3} 8. Ne2 (8. e5 Nxf3+ 9. Qxf3 d5 10. Bb5+ Bd7 11. Bxd7+ Qxd7 12. d4 cxd4 13. Ne2 Ne7 14. Nxd4 Nc6 15. Nb3 {0-1 (65) Sutovsky,E (2657)-Tiviakov,S (2631) Bled 2002}) 8... Ne7 9. Nexd4 cxd4 10. d3 $146 ({Predecessor:} 10. Bb5+ Nc6 11. e5 O-O 12. Bxc6 bxc6 13. c3 Ba6 14. Re1 d3 15. Re4 {0-1 (26) Loss,V (1397)-Caldeira,A (2178) Concordia 2019}) 10... O-O 11. b3 d5 12. exd5 Nxd5 13. Bxd5 Qxd5 14. Bb2 b6 15. Qe2 Bb7 16. Rae1 Rfc8 17. Rf2 Rc7 18. a4 Rac8 19. Rc1 Qd6 20. Ne5 Bd5 21. Nc4 Qd8 22. Rff1 h5 23. Qf2 Bxc4 24. dxc4 Rd7 25. Rcd1 Qf6 26. Rfe1 Rcd8 27. Re5 Bh6 28. Re4 Bg7 29. Re5 Qe7 30. Re4 Qc5 ({Black should play} 30... d3 $17 31. Bxg7 dxc2) 31. Rd3 Qf5 32. Qf3 Qg4 (32... a6 $15) 33. Qxg4 hxg4 34. Kf2 Rd6 35. Kg3 (35. Ba3 $14 {stays ahead.}) 35... f5 36. Re2 Kf7 37. Re1 (37. Kf2 $15) 37... Bf6 38. Re2 (38. Red1 $11 {remains equal.}) 38... g5 39. Ba3 (39. Bc1 $17) 39... R6d7 40. Bc1 gxf4+ 41. Bxf4 Rh8 42. Re1 (42. Kf2 $17) 42... Bh4# {Skewer} 0-1

[Event "NOR-ch Youth 2019"]
[Site "Skien"]
[Date "2019.11.09"]
[Round "5.16"]
[White "Strand, Vetle Bjorge"]
[Black "Olsen, William Alexander"]
[Result "0-1"]
[ECO "E13"]
[WhiteElo "1695"]
[BlackElo "1842"]
[Annotator "NA RC"]
[PlyCount "58"]
[EventDate "2019.11.08"]
[EventType "swiss"]
[EventCountry "NOR"]
[SourceTitle "playchess.com"]
[Source "ChessBase"]
[SourceQuality "1"]
[TimeControl "5400+30"]

1. d4 Nf6 2. c4 e6 3. Nf3 b6 4. Nc3 Bb4 5. Bg5 Bb7 6. e3 h6 7. Bh4 g5 8. Bg3 Ne4 9. Qc2 d6 10. a3 Bxc3+ 11. bxc3 Nd7 12. Nd2 f5 13. f3 Nxg3 14. hxg3 Qf6 15. Bd3 c5 16. Nb3 cxd4 17. cxd4 Rc8 18. Qe2 e5 19. d5 e4 20. Bc2 Ba6 21. Rd1 Bxc4 22. Qd2 Bxb3 23. Bxb3 Qc3 24. Qxc3 Rxc3 25. Rb1 Nc5 26. Bd1 Rxe3+ 27. Kf2 Rxa3 28. Be2 Kf7 29. Ra1 e3+ 0-1

[Event "NOR-ch Youth 2019"]
[Site "Skien"]
[Date "2019.11.09"]
[Round "5.17"]
[White "Helliesen, Lykke-Merlot"]
[Black "Digernes, Mikael"]
[Result "0-1"]
[ECO "E70"]
[WhiteElo "1619"]
[BlackElo "1715"]
[Annotator "NA RC"]
[PlyCount "66"]
[EventDate "2019.11.08"]
[EventType "swiss"]
[EventCountry "NOR"]
[SourceTitle "playchess.com"]
[Source "ChessBase"]
[SourceQuality "1"]
[TimeControl "5400+30"]

1. d4 Nf6 2. c4 g6 3. Nc3 Bg7 4. e4 d6 5. Bd3 O-O 6. Nge2 e5 7. d5 a5 8. O-O Na6 9. Ng3 Nc5 10. Bc2 c6 11. Na4 Na6 12. a3 Rb8 13. Nc3 Qc7 14. Be3 b5 15. cxb5 cxb5 16. Bd3 Bd7 17. a4 b4 18. Bxa6 bxc3 19. bxc3 Qxc3 20. Rc1 Qb3 21. Qxb3 Rxb3 22. Rc4 Rfb8 23. Rfc1 Ra3 24. Bb5 Bxb5 25. axb5 Ng4 26. Rc8+ Rxc8 27. Rxc8+ Bf8 28. Ba7 Ra1+ 29. Nf1 Rb1 30. b6 a4 31. Rc3 Nf6 32. Ra3 Nxe4 33. Rxa4 Nc3 0-1